 Dungeon Crawl Stone Soup version 0.28-a0-691-gad6df49e81 (webtiles) character file.

Game seed: 1959608797142578134

1458 KoroneIsBestGirl the Fighter (level 8, -8/89 HPs)
             Began as an Ogre Berserker on Oct 19, 2021.
             Was a Priest of Trog.
             Splashed by a jelly's acid (10 damage)
             ... on level 6 of the Dungeon on Oct 21, 2021.
             The game lasted 00:10:20 (7606 turns).

KoroneIsBestGirl the Fighter (Ogre Berserker)       Turns: 7606, Time: 00:10:21

Health: -8/89      AC: -5    Str: 24    XL:     8   Next: 76%
Magic:  0/0        EV: 11    Int:  8    God:    Trog [***...]
Gold:   321        SH:  0    Dex: 11    Spells: 7/7 levels left

rFire   . . .      SeeInvis .   q - +10 whip of Instant Death {spect, rC+ MP-9 Dex+3}
rCold   + . .      Faith    .   (no shield)
rNeg    + . .      Spirit   +   b - +0 animal skin
rPois   .          Reflect  .   (helmet restricted)
rElec   .          Harm     .   (no cloak)
rCorr   .          Rampage  .   (gloves unavailable)
Will    .....                   (boots unavailable)
Stlth   +.........              d - amulet of guardian spirit
HPRegen 0.24/turn               g - ring of positive energy
MPRegen 0.07/turn               (no ring)

@: lethally poisoned (-8 -> -10), about to teleport, corroded, on berserk
cooldown, slowed, very slow
A: large, unfitting armour, tough skin 1
a: Renounce Religion, Berserk, Trog's Hand


You were on level 6 of the Dungeon.
You worshipped Trog.
Trog was most pleased with you.
You visited 1 branch of the dungeon, and saw 6 of its levels.

You collected 321 gold pieces.

Inventory:

Hand Weapons
 a - a +0 spear
 q - the +10 whip of Instant Death (weapon) {spect, rC+ MP-9 Dex+3}
   (You found it on level 6 of the Dungeon)

   When its wielder attacks, the weapon's spirit leaps out and strikes again.
   The spirit shares a part of any damage it takes with its wielder.
   Dex:       It affects your dexterity (+3).
   rC:        It protects you from cold.
   MP:        It affects your magic capacity (-9).
 t - a +1 battleaxe of flaming
Missiles
 m - 69 stones (quivered)
 n - a throwing net
Armour
 b - a +0 animal skin (worn)
Jewellery
 d - an amulet of guardian spirit (around neck)
 g - a ring of positive energy (left hand)
Wands
 r - a wand of iceblast (13)
 u - a wand of paralysis (9)
Scrolls
 c - a scroll of fear
 f - 2 scrolls of vulnerability {unknown}
 h - a scroll of amnesia {unknown}
 i - a scroll of brand weapon {unknown}
 k - 2 scrolls of enchant armour {unknown}
 l - a scroll of teleportation
 s - a scroll of noise
 v - a scroll of magic mapping
 w - a scroll of summoning {unknown}
Potions
 e - 2 potions of flight {unknown}
 j - 3 potions of curing {unknown}
 o - 7 potions of heal wounds {unknown}
 p - a potion of brilliance {unknown}
 x - a potion of mutation {unknown}
 z - a potion of attraction {unknown}


   Skills:
 + Level 8.7 Fighting
 * Level 3.0 Maces & Flails
 - Level 6.1 Polearms
 + Level 6.0 Dodging


You had 7 spell levels left.
You didn't know any spells.
Your spell library was empty.

Dungeon Overview and Level Annotations

Branches:
Dungeon (6/15)             Temple (0/1) D:5

Altars:
Elyvilon
Makhleb
Vehumet
Zin
The Shining One

Annotations:
D:4 3 runed translucent doors, AttackTheMoon's ghost, amateur HOAK; hgbash's ghost, amateur GrFi
D:6 Prince Ribbit


Innate Abilities, Weirdness & Mutations

You are too large for most types of armour.
You have tough skin. (AC +1)


Message History

Prince Ribbit is severely wounded.
Your +10 whip of Instant Death {spect, rC+ MP-9 Dex+3} hits Prince Ribbit.
You feel sick.
Prince Ribbit blinks!
The jelly jiggles.
The jelly hits you but does no damage.
An orc wizard and a white imp come into view.
You feel sick.
Prince Ribbit blinks!
The orc warrior misses you.
The orc wizard mumbles some strange words.
The orc wizard flickers and vanishes!
Deactivating autopickup; reactivate with Ctrl-A.
You whack the orc warrior!
The orc warrior is heavily wounded.
The sentinel's mark upon you fades away.
You feel sick.
You whack the orc warrior!
The orc warrior is almost dead.
A jelly comes into view.
The orc warrior misses you.
Prince Ribbit blinks!
The jelly hits you.
* * * LOW HITPOINT WARNING * * *
The acid corrodes you!
You are splashed with acid.
* * * LOW HITPOINT WARNING * * *
You whack the orc warrior!
You kill the orc warrior!
Trog accepts your kill.
You are no longer berserk.
You are exhausted.
You feel yourself slow down.
You feel sick.
Prince Ribbit blinks!
Your Maces & Flails skill increases to level 3!
Your Dodging skill increases to level 6!
As you read the scroll of teleportation, it crumbles to dust.
You feel strangely unstable.
You feel sick.
A centaur comes into view.
Prince Ribbit blinks!
The adder misses you. The jelly hits you.
* * * LOW HITPOINT WARNING * * *
The acid corrodes you!
You are splashed with acid!
* * * LOW HITPOINT WARNING * * *
The adder closely misses you. The jelly hits you.
* * * LOW HITPOINT WARNING * * *
You are splashed with acid!
You die...

#.# #.# #.###
#...###### ##........
#........ #)†......
..c###########........
..{J.5ooS@J...........
.S.#######............
#.§..........
#.F#'#..^....
#..'_+.......
#.§#+#....... #...
.###### #... .# #####


You could see Prince Ribbit, a centaur, 2 jellies, an orc priest, an orc wizard,
an adder and a white imp.

Vanquished Creatures
  Grinder (D:3)
  A water moccasin (D:6)
  2 orc warriors (D:6)
  An ice beast (D:6)
  A centaur (D:5)
  A phantom (D:6)
  A crimson imp (D:3)
  A jelly (D:5)
  5 orc priests
  A bullfrog skeleton (D:6)
  2 centaur skeletons
  Ijyb (D:3)
  An iguana (D:6)
  3 orc wizards
  Terence (D:3)
  A hound skeleton (D:4)
  11 gnolls
  5 adders
  A shadow imp (D:5)
  A white imp (D:5)
  2 adder skeletons (D:4)
  2 dart slugs
  16 orcs
  7 ball pythons
  4 endoplasms
  2 giant cockroaches
  9 goblins
  3 hobgoblins
  4 jackals (D:2)
  5 quokkas
  3 bats
  3 frilled lizards
  2 goblin skeletons (D:3)
  A goblin zombie (D:3)
  3 hobgoblin zombies (D:3)
  11 kobolds
  2 kobold skeletons (D:3)
  2 kobold zombies (D:3)
  An orc skeleton (D:3)
  An orc zombie (D:3)
  A quokka skeleton (D:4)
  3 rats
129 creatures vanquished.

Vanquished Creatures (others)
  10 fungi (D:3)
  4 toadstools (D:3)
  5 withered plants (D:4)
19 creatures vanquished.

Grand Total: 148 creatures vanquished

Notes
Turn   | Place    | Note
-------+----------+-------------------------------------------
     0 | D:1      | KoroneIsBestGirl the Ogre Berserker began the quest for the
                  | Orb.
     0 | D:1      | Reached XP level 1. HP: 24/24 MP: 1/1
   123 | D:1      | Reached XP level 2. HP: 32/32 MP: 2/2
   151 | D:1      | Found a faded altar of an unknown god.
  1263 | D:2      | Reached XP level 3. HP: 27/40 MP: 3/3
  1580 | D:2      | Reached XP level 4. HP: 23/49 MP: 2/4
  1581 | D:2      | Reached skill level 5 in Fighting
  1666 | D:2      | Reached ** piety under Trog
  2310 | D:2      | Upgraded the game from 0.28-a0-683-ga8797d1ae1 to
                  | 0.28-a0-691-gad6df49e81
  2889 | D:2      | Reached XP level 5. HP: 19/57 MP: 1/5
  3499 | D:3      | Found a glowing golden altar of the Shining One.
  3564 | D:3      | Reached XP level 6. HP: 64/67 MP: 6/6
  3584 | D:3      | Noticed Terence
  3600 | D:3      | Killed Terence
  3601 | D:3      | Reached skill level 6 in Fighting
  3870 | D:3      | Noticed Grinder
  3879 | D:3      | Killed Grinder
  3880 | D:3      | Reached skill level 5 in Polearms
  3880 | D:3      | Reached XP level 7. HP: 76/76 MP: 5/7
  4196 | D:3      | Reached skill level 7 in Fighting
  4336 | D:3      | Found a white marble altar of Elyvilon.
  4341 | D:3      | Reached *** piety under Trog
  4482 | D:3      | Noticed Ijyb
  4525 | D:3      | Killed Ijyb
  5296 | D:4      | Found a runed translucent gate.
  5297 | D:4      | Found a runed translucent gate.
  5297 | D:4      | Found a runed translucent gate.
  5655 | D:4      | Noticed hgbash's ghost (amateur GrFi)
  5656 | D:4      | Noticed AttackTheMoon's ghost (amateur HOAK)
  5854 | D:5      | Entered Level 5 of the Dungeon
  5999 | D:5      | Reached skill level 5 in Dodging
  6228 | D:5      | Found a staircase to the Ecumenical Temple.
  6505 | D:5      | Reached XP level 8. HP: 56/88 MP: 4/8
  6842 | D:5      | Found a glowing silver altar of Zin.
  6898 | D:5      | Found a radiant altar of Vehumet.
  7265 | D:6      | Reached skill level 8 in Fighting
  7281 | D:6      | Identified the +10 whip of Instant Death {spect, rC+ MP-9
                  | Dex+3}
  7367 | D:6      | Reached skill level 1 in Maces & Flails
  7407 | D:6      | Found a burning altar of Makhleb.
  7585 | D:6      | Noticed Prince Ribbit
  7606 | D:6      | HP: 2/89 [jelly (3)]
  7606 | D:6      | Splashed by a jelly's acid

Illustrated notes

Levels and vault maps discovered:
D:1:      ncdulo_watergridlock, layout_basic,
          shapermc_ecumenical_altar_notcrosses
D:2:      layout_basic
D:3:      layout_loops_ring, nicolae_tso_besieged_by_evil, elyvilon_altar_3,
          nrook_loot_triangle, minmay_misc_feat_secret_circle,
          minmay_gold_behind_fungi, uniq_ijyb, uniq_terence, uniq_grinder
D:4:      layout_loops_ring, gammafunk_ghost_cemetery
D:5:      layout_basic, mainiacjoe_overflow_catwalk_spiral,
          minmay_temple_entry_glassed_door
D:6:      layout_rooms, kennysheep_mini_moat, minivault_1,
          uniq_crazy_yiuf_cottage, uniq_prince_ribbit1

Skill      XL: |  1  2  3  4  5  6  7  8 |
---------------+-------------------------+-----
Dodging        | 3 4 5 6 |  6.0
Fighting       | 5 6 7 8 |  8.7
Polearms       | 4 5 6 |  6.1
Maces & Flails | 3 |  3.0

Action                   |  1- 3 |  4- 6 |  7- 9 || total
-------------------------+-------+-------+-------++-------
Melee: Spear             |    93 |   213 |   126 ||   432
       Battleaxe         |       |       |    48 ||    48
       Whip              |       |       |    27 ||    27
Invok: Berserk           |     2 |     7 |     5 ||    14
  Use: Scroll            |       |       |     5 ||     5
 Stab: Sleeping          |     1 |       |       ||     1
Armor: Animal skin       |    16 |    36 |    36 ||    88
Dodge: Dodged            |    19 |   102 |    84 ||   205

Table legend: (Time is in decaauts)
 A = Elapsed time spent in this place.
 B = Non-inter-level travel time spent in this place.
 C = Inter-level travel time spent in this place.
 D = Time resting spent in this place.
 E = Time spent auto-exploring this place.
 F = Levels seen in this place.
 G = Mean time per level.
                   A        B        C        D        E       F      G
               +--------+--------+--------+--------+--------+-----+--------+
         Total |   7695 |   7450 |    245 |   1419 |   5111 |   6 | 1282.5 |
       Dungeon |   7695 |   7450 |    245 |   1419 |   5111 |   6 | 1282.5 |
               +--------+--------+--------+--------+--------+-----+--------+

Top non-repeatable levels by time:
     D:2: 2167 daAuts
     D:3: 1730 daAuts
     D:5: 1321 daAuts
     D:1: 1081 daAuts
     D:4: 935 daAuts
     D:6: 459 daAuts
